[ AOE2 MATCH · #505826812 ]
UnrankedMapuche vs Mongols
Player's team · LOSS
Rival team · WIN
[ REPLAY ANALYSIS · EXTRACTED FROM THE RECORDED GAME ]
Feudal
9:16
Castle
20:12
Imperial
39:41
| APM avg | 76.0 |
| APM peak | 122 |
| eAPM avg | 36.5 |
| Villagers / military | 237 / 173 |
Focus
⚔️ 42.1% · 🌾 57.9%
Bolas Rider ×89 · Skirmisher ×46 · Spearman ×22 · Mangonel ×5 · Trebuchet (Packed) ×4 · Kona ×3
Feudal
9:24
Castle
27:20
Imperial
46:20
| APM avg | 50.2 |
| APM peak | 98 |
| eAPM avg | 29.0 |
| Villagers / military | 190 / 256 |
Focus
⚔️ 45.0% · 🌾 55.0%
Scout Cavalry ×73 · Skirmisher ×54 · Knight ×51 · Mangudai ×26 · Archer ×24 · Cavalry Archer ×9
Match map
Initial resources + every placement click. Lines = walls · curves = elevation contours. ◆ gold · ⬟ stone · ● berries · ✦ relic · ◌ wall gap
Your base· ✓ Closed at 20:12 · 23t walls · fragile
[ASYNC]GodsPrisoner's base· ✓ Closed at 27:20 · 12t walls · fragile
Smoothed initial terrain · ◌ = detected wall gap · hover for details
Inputs per minute
— CNZS_MING - - [ASYNC]GodsPrisoner
Build order — CNZS_MING
First 150 of 645 actions detected
| 0:01 | Queue | Villager (Male) |
| 0:01 | Queue | Villager (Male) |
| 0:01 | Queue | Villager (Male) |
| 0:04 | Build | House |
| 0:06 | Build | House |
| 0:11 | Queue | Villager (Male) |
| 0:11 | Queue | Villager (Male) |
| 0:11 | Queue | Villager (Male) |
| 1:25 | Queue | Villager (Male) |
| 1:53 | Queue | Villager (Male) |
| 1:53 | Queue | Villager (Male) |
| 2:27 | Queue | Villager (Male) |
| 2:27 | Queue | Villager (Male) |
| 2:49 | Queue | Villager (Male) |
| 2:49 | Queue | Villager (Male) |
| 3:14 | Build | Settlement |
| 3:20 | Queue | Villager (Male) |
| 3:20 | Queue | Villager (Male) |
| 3:21 | Queue | Villager (Male) |
| 3:43 | Queue | Villager (Male) |
| 4:36 | Queue | Villager (Male) |
| 4:38 | Queue | Villager (Male) |
| 4:38 | Queue | Villager (Male) |
| 4:56 | Build | Palisade Wall |
| 4:59 | Queue | Villager (Male) |
| 5:20 | Queue | Villager (Male) |
| 5:34 | Build | Settlement |
| 5:46 | Build | Palisade Wall |
| 5:47 | Build | Palisade Wall |
| 5:49 | Queue | Villager (Male) |
| 6:02 | Build | Palisade Wall |
| 6:03 | Build | Palisade Wall |
| 6:30 | Research | Loom |
| 6:31 | Research | Loom |
| 7:04 | Research | Feudal Age |
| 7:04 | Research | Feudal Age |
| 7:16 | Build | House |
| 7:21 | Build | Palisade Wall |
| 7:29 | Build | Palisade Wall |
| 7:30 | Build | Palisade Wall |
| 7:30 | Build | Palisade Wall |
| 8:38 | Queue | Villager (Male) |
| 9:16 | Age | Feudal Age |
| 9:18 | Queue | Spearman |
| 9:18 | Queue | Spearman |
| 9:20 | Research | Double-Bit Axe |
| 9:21 | Research | Double-Bit Axe |
| 9:21 | Queue | Skirmisher |
| 9:21 | Queue | Skirmisher |
| 9:25 | Queue | Villager (Male) |
| 9:45 | Build | Farm |
| 9:46 | Build | Farm |
| 9:46 | Queue | Villager (Male) |
| 9:49 | Build | Farm |
| 9:59 | Build | Palisade Wall |
| 10:10 | Build | Palisade Wall |
| 10:10 | Build | Palisade Wall |
| 10:13 | Queue | Villager (Male) |
| 10:15 | Build | Farm |
| 10:29 | Queue | Skirmisher |
| 10:29 | Queue | Skirmisher |
| 10:31 | Queue | Villager (Male) |
| 10:44 | Build | House |
| 11:14 | Build | Blacksmith |
| 11:23 | Queue | Skirmisher |
| 11:23 | Queue | Skirmisher |
| 11:27 | Queue | Villager (Male) |
| 11:37 | Build | Palisade Wall |
| 11:38 | Build | Palisade Wall |
| 11:42 | Build | House |
| 11:51 | Queue | Villager (Male) |
| 11:56 | Build | House |
| 11:59 | Research | Fletching |
| 11:59 | Research | Fletching |
| 11:59 | Research | Fletching |
| 12:08 | Build | Farm |
| 12:10 | Build | Farm |
| 12:12 | Queue | Skirmisher |
| 12:12 | Queue | Skirmisher |
| 12:20 | Queue | Villager (Male) |
| 12:23 | Build | House |
| 12:30 | Build | Farm |
| 12:39 | Queue | Villager (Male) |
| 12:53 | Build | House |
| 12:55 | Queue | Villager (Male) |
| 12:57 | Build | Farm |
| 12:58 | Build | Farm |
| 13:00 | Research | Horse Collar |
| 13:00 | Research | Horse Collar |
| 13:07 | Queue | Villager (Male) |
| 13:40 | Queue | Villager (Male) |
| 13:42 | Queue | Skirmisher |
| 13:42 | Queue | Skirmisher |
| 13:50 | Build | Farm |
| 13:52 | Build | Farm |
| 13:53 | Build | Farm |
| 13:56 | Build | House |
| 14:03 | Build | House |
| 14:04 | Build | House |
| 14:06 | Queue | Villager (Male) |
| 14:07 | Queue | Skirmisher |
| 14:07 | Queue | Skirmisher |
| 14:17 | Build | Farm |
| 14:30 | Queue | Villager (Male) |
| 14:45 | Queue | Villager (Male) |
| 14:50 | Queue | Skirmisher |
| 14:50 | Queue | Skirmisher |
| 15:03 | Build | House |
| 15:16 | Build | Farm |
| 15:17 | Queue | Villager (Male) |
| 15:25 | Build | Settlement |
| 15:42 | Build | Market |
| 16:03 | Queue | Villager (Male) |
| 16:30 | Queue | Villager (Male) |
| 16:58 | Queue | Villager (Male) |
| 17:05 | Build | House |
| 17:21 | Build | House |
| 17:32 | Research | Castle Age |
| 17:32 | Research | Castle Age |
| 17:34 | Research | Padded Archer Armor |
| 17:40 | Research | Gold Mining |
| 17:55 | Build | House |
| 17:57 | Build | House |
| 18:15 | Queue | Spearman |
| 18:15 | Queue | Spearman |
| 18:26 | Build | House |
| 18:38 | Build | Palisade Wall |
| 18:51 | Queue | Spearman |
| 18:51 | Queue | Spearman |
| 19:22 | Build | House |
| 19:23 | Build | House |
| 19:28 | Queue | Skirmisher |
| 19:28 | Queue | Skirmisher |
| 19:54 | Queue | Skirmisher |
| 19:54 | Queue | Skirmisher |
| 20:10 | Queue | Villager (Male) |
| 20:12 | Age | Castle Age |
| 20:16 | Build | Town Center |
| 20:19 | Build | Siege Workshop |
| 20:30 | Research | Pikeman (upgrade) |
| 20:30 | Research | Pikeman (upgrade) |
| 20:34 | Research | Elite Skirmisher (upgrade) |
| 20:35 | Research | Elite Skirmisher (upgrade) |
| 20:35 | Research | Bodkin Arrow |
| 20:35 | Research | Bodkin Arrow |
| 20:41 | Build | Farm |
| 20:41 | Build | Farm |
| 20:47 | Build | Farm |
| 20:55 | Build | Palisade Wall |
| 20:57 | Build | Palisade Wall |
Build order — [ASYNC]GodsPrisoner
First 150 of 658 actions detected
| 0:00 | Queue | Villager (Male) |
| 0:02 | Build | House |
| 0:03 | Build | House |
| 0:07 | Queue | Villager (Male) |
| 0:07 | Queue | Villager (Male) |
| 0:08 | Queue | Villager (Male) |
| 0:08 | Queue | Villager (Male) |
| 1:29 | Queue | Villager (Male) |
| 1:55 | Queue | Villager (Male) |
| 2:04 | Build | Lumber Camp |
| 2:22 | Queue | Villager (Male) |
| 2:37 | Queue | Villager (Male) |
| 2:58 | Queue | Villager (Male) |
| 3:09 | Queue | Villager (Male) |
| 3:23 | Queue | Villager (Male) |
| 3:52 | Build | House |
| 4:11 | Queue | Villager (Male) |
| 4:37 | Build | Barracks |
| 4:56 | Build | House |
| 4:58 | Queue | Villager (Male) |
| 5:13 | Queue | Villager (Male) |
| 5:32 | Queue | Militia |
| 5:32 | Queue | Militia |
| 5:33 | Queue | Villager (Male) |
| 5:54 | Queue | Villager (Male) |
| 6:04 | Build | Mill |
| 6:08 | Queue | Villager (Male) |
| 6:22 | Research | Loom |
| 7:14 | Research | Feudal Age |
| 7:14 | Research | Feudal Age |
| 7:16 | Build | Lumber Camp |
| 8:09 | Build | Mining Camp |
| 8:14 | Build | House |
| 8:15 | Build | Palisade Wall |
| 8:36 | Queue | Militia |
| 8:36 | Queue | Militia |
| 9:06 | Queue | Militia |
| 9:11 | Build | House |
| 9:11 | Build | House |
| 9:23 | Queue | Villager (Male) |
| 9:24 | Age | Feudal Age |
| 9:25 | Research | Double-Bit Axe |
| 9:34 | Queue | Villager (Male) |
| 9:49 | Queue | Villager (Male) |
| 9:59 | Research | Man-at-Arms (upgrade) |
| 10:03 | Queue | Villager (Male) |
| 10:11 | Build | Archery Range |
| 10:22 | Queue | Villager (Male) |
| 10:25 | Queue | Villager (Male) |
| 10:33 | Build | Mill |
| 10:43 | Queue | Villager (Male) |
| 10:46 | Build | Palisade Wall |
| 11:02 | Queue | Archer |
| 11:02 | Queue | Archer |
| 11:24 | Build | Farm |
| 11:26 | Build | Farm |
| 11:28 | Queue | Villager (Male) |
| 11:44 | Queue | Archer |
| 11:56 | Build | Farm |
| 11:57 | Build | Farm |
| 11:58 | Queue | Villager (Male) |
| 12:09 | Build | Farm |
| 12:22 | Queue | Archer |
| 12:27 | Queue | Villager (Male) |
| 12:30 | Build | House |
| 12:31 | Build | House |
| 12:43 | Build | Farm |
| 12:51 | Queue | Militia |
| 13:01 | Queue | Villager (Male) |
| 13:11 | Build | Blacksmith |
| 13:24 | Queue | Villager (Male) |
| 13:41 | Queue | Villager (Male) |
| 13:42 | Queue | Archer |
| 13:50 | Build | Farm |
| 13:51 | Build | Farm |
| 13:51 | Queue | Villager (Male) |
| 13:55 | Queue | Archer |
| 14:04 | Research | Fletching |
| 14:04 | Research | Fletching |
| 14:07 | Queue | Villager (Male) |
| 14:12 | Build | Farm |
| 14:18 | Build | Farm |
| 14:28 | Build | House |
| 14:29 | Build | House |
| 14:36 | Research | Padded Archer Armor |
| 14:39 | Build | Farm |
| 14:58 | Queue | Villager (Male) |
| 15:01 | Queue | Archer |
| 15:03 | Queue | Villager (Male) |
| 15:15 | Queue | Villager (Male) |
| 15:21 | Build | Farm |
| 15:35 | Build | Stable |
| 15:40 | Queue | Archer |
| 15:41 | Queue | Villager (Male) |
| 16:11 | Queue | Scout Cavalry |
| 16:11 | Queue | Scout Cavalry |
| 16:11 | Queue | Scout Cavalry |
| 16:17 | Build | Stable |
| 16:18 | Queue | Villager (Male) |
| 16:54 | Queue | Archer |
| 16:54 | Queue | Scout Cavalry |
| 16:55 | Queue | Villager (Male) |
| 16:58 | Build | Outpost |
| 17:02 | Queue | Scout Cavalry |
| 17:02 | Queue | Scout Cavalry |
| 17:17 | Queue | Scout Cavalry |
| 17:17 | Queue | Scout Cavalry |
| 17:21 | Queue | Archer |
| 17:22 | Queue | Villager (Male) |
| 17:27 | Build | Outpost |
| 17:29 | Build | Farm |
| 17:30 | Build | Farm |
| 17:36 | Queue | Archer |
| 17:42 | Queue | Villager (Male) |
| 17:59 | Queue | Archer |
| 18:00 | Queue | Scout Cavalry |
| 18:05 | Queue | Villager (Male) |
| 18:09 | Build | Watch Tower |
| 18:13 | Queue | Villager (Male) |
| 18:15 | Build | Mining Camp |
| 18:30 | Build | Watch Tower |
| 18:33 | Queue | Villager (Male) |
| 18:36 | Queue | Scout Cavalry |
| 18:37 | Queue | Scout Cavalry |
| 18:44 | Queue | Villager (Male) |
| 18:55 | Build | Farm |
| 18:57 | Queue | Scout Cavalry |
| 18:57 | Queue | Scout Cavalry |
| 18:57 | Queue | Archer |
| 18:58 | Queue | Archer |
| 19:13 | Queue | Archer |
| 19:13 | Queue | Archer |
| 19:13 | Queue | Villager (Male) |
| 19:23 | Build | House |
| 19:33 | Research | Wheelbarrow |
| 19:34 | Research | Wheelbarrow |
| 19:36 | Queue | Scout Cavalry |
| 19:37 | Queue | Scout Cavalry |
| 19:42 | Build | House |
| 19:55 | Build | Watch Tower |
| 20:11 | Research | Horse Collar |
| 20:11 | Research | Horse Collar |
| 20:20 | Queue | Scout Cavalry |
| 20:20 | Queue | Scout Cavalry |
| 20:20 | Queue | Scout Cavalry |
| 20:32 | Queue | Villager (Male) |
| 20:53 | Research | Bloodlines |
| 20:54 | Queue | Archer |
| 21:20 | Queue | Villager (Male) |
| 21:27 | Queue | Villager (Male) |
Match timeline
| 4:37 | [ASYNC]GodsPrisoner · first_building Barracks |
| 4:56 | CNZS_MING · wall_segment Palisade Wall x1 |
| 5:46 | CNZS_MING · wall_segment Palisade Wall x9 |
| 5:47 | CNZS_MING · wall_segment Palisade Wall x3 |
| 6:02 | CNZS_MING · wall_segment Palisade Wall x3 |
| 6:03 | CNZS_MING · wall_segment Palisade Wall x2 |
| 7:21 | CNZS_MING · wall_segment Palisade Wall x1 |
| 7:29 | CNZS_MING · wall_segment Palisade Wall x1 |
| 7:30 | CNZS_MING · wall_segment Palisade Wall x1 |
| 7:30 | CNZS_MING · wall_segment Palisade Wall x1 |
| 8:15 | [ASYNC]GodsPrisoner · wall_segment Palisade Wall x1 |
| 9:16 | CNZS_MING · age_up feudal |
| 9:24 | [ASYNC]GodsPrisoner · age_up feudal |
| 9:59 | CNZS_MING · wall_segment Palisade Wall x1 |
| 10:10 | CNZS_MING · wall_segment Palisade Wall x1 |
| 10:10 | CNZS_MING · wall_segment Palisade Wall x1 |
| 10:11 | [ASYNC]GodsPrisoner · first_building Archery Range |
| 10:46 | [ASYNC]GodsPrisoner · wall_segment Palisade Wall x11 |
| 11:37 | CNZS_MING · wall_segment Palisade Wall x1 |
| 11:38 | CNZS_MING · wall_segment Palisade Wall x1 |
| 15:35 | [ASYNC]GodsPrisoner · first_building Stable |
| 18:38 | CNZS_MING · wall_segment Palisade Wall x1 |
| 20:12 | CNZS_MING · age_up castle |
| 20:19 | CNZS_MING · first_building Siege Workshop |
| 20:55 | CNZS_MING · wall_segment Palisade Wall x1 |
| 20:57 | CNZS_MING · wall_segment Palisade Wall x1 |
| 22:30 | CNZS_MING · wall_segment Stone Wall x1 |
| 22:30 | CNZS_MING · wall_segment Stone Wall x1 |
| 22:31 | CNZS_MING · wall_segment Stone Wall x1 |
| 22:43 | CNZS_MING · wall_segment Palisade Wall x5 |
| 22:59 | CNZS_MING · wall_segment Stone Wall x1 |
| 23:47 | CNZS_MING · wall_segment Palisade Wall x1 |
| 24:20 | [ASYNC]GodsPrisoner · first_market_sell 500 wood |
| 24:21 | [ASYNC]GodsPrisoner · first_market_buy 100 food |
| 25:11 | CNZS_MING · first_building Monastery |
| 26:59 | CNZS_MING · first_building Barracks |
| 27:20 | [ASYNC]GodsPrisoner · age_up castle |
| 29:04 | [ASYNC]GodsPrisoner · first_building Castle |
| 30:30 | CNZS_MING · first_market_sell 100 wood |
| 30:31 | CNZS_MING · first_market_buy 100 stone |
| 30:39 | CNZS_MING · first_building Castle |
| 31:13 | CNZS_MING · first_building Archery Range |
| 31:33 | [ASYNC]GodsPrisoner · first_building Siege Workshop |
| 31:50 | [ASYNC]GodsPrisoner · first_building Monastery |
| 32:14 | CNZS_MING · wall_segment Palisade Wall x2 |
| 34:21 | CNZS_MING · wall_segment Stone Wall x1 |
| 36:57 | [ASYNC]GodsPrisoner · wall_segment Palisade Wall x1 |
| 37:26 | [ASYNC]GodsPrisoner · wall_segment Palisade Wall x1 |
| 37:29 | [ASYNC]GodsPrisoner · wall_segment Palisade Wall x1 |
| 37:31 | [ASYNC]GodsPrisoner · wall_segment Palisade Wall x1 |
| 37:32 | [ASYNC]GodsPrisoner · wall_segment Palisade Wall x1 |
| 39:41 | CNZS_MING · age_up imperial |
| 42:23 | [ASYNC]GodsPrisoner · wall_segment Stone Wall x1 |
| 46:20 | [ASYNC]GodsPrisoner · age_up imperial |
| 50:37 | CNZS_MING · resign |
[ AI ANALYSIS · 1 CREDIT ]
What really happened in this match?
Wolo.gg analyzes every decision: build order, eco, micro, common mistakes by bracket. Personalized analysis on WhatsApp or Discord in 30 seconds.
Civ guide
Mapuche
Perfil
Jugador #1966276